details: 'Wow, should not have won that'

« prev index next »

General information

Mini Map

Players

team 1
HumanWeLossBot (red | 62 APM | 3409 actions | 54:44)
Hero icon 4 Archmage
Ability icon 2 Blizzard
Ability icon 2 Brilliance Aura
Hero icon 2 Blood Mage
Ability icon 1 Flame Strike
Ability icon 1 Siphon Mana
Hero icon 1 Pit Lord
Ability icon 1 Rain of Fire

» actions
Assign group hotkey106
Basic commands18
Build / train153
Enter build submenu63
Enter hero's abilities submenu7
Give item / drop item11
Remove unit from queue1
Right click1734
Select / deselect766
Select group hotkey203
Use ability347
3409 total
» units
Peasant29
Footman5
Goblin Shredder1
Sorceress2
Priest3
Gryphon Rider14
54 total
» upgrades
Masonry2
Magic Sentry1
Sorceress Training2
Priest Training2
Swords3
Armor3
Storm Hammers1
Animal War Training1
15 total
» buildings
Altar of Kings1
Barracks2
Farm18
Scout Tower61
Lumber Mill1
Arcane Tower2
Arcane Vault3
Guard Tower30
Town Hall3
Keep1
Arcane Sanctum2
Castle1
Blacksmith1
Gryphon Aviary4
130 total
» build order
00:09 Altar of Kings
00:26 Barracks
00:35 Farm
01:07 Farm
01:34 Scout Tower
01:46 Farm
02:08 Lumber Mill
02:11 Arcane Tower
03:19 Farm
04:06 Arcane Vault
04:10 Scout Tower
04:13 Scout Tower
04:15 Scout Tower
04:44 Guard Tower
04:50 Farm
05:26 Scout Tower
05:32 Town Hall
05:35 Town Hall
05:37 Scout Tower
05:37 Scout Tower
05:38 Scout Tower
05:58 Arcane Tower
06:00 Scout Tower
06:01 Scout Tower
06:03 Scout Tower
06:04 Scout Tower
06:04 Scout Tower
06:05 Scout Tower
06:06 Scout Tower
06:09 Guard Tower
06:14 Scout Tower
06:18 Scout Tower
06:38 Guard Tower
07:04 Guard Tower
07:43 Scout Tower
07:44 Scout Tower
07:45 Scout Tower
07:48 Scout Tower
07:48 Scout Tower
07:49 Scout Tower
07:51 Scout Tower
07:52 Scout Tower
07:52 Scout Tower
08:03 Keep
08:25 Guard Tower
08:30 Guard Tower
08:41 Guard Tower
08:47 Farm
09:22 Guard Tower
09:38 Scout Tower
10:55 Arcane Sanctum
11:05 Scout Tower
11:07 Scout Tower
11:12 Guard Tower
12:07 Arcane Vault
12:24 Guard Tower
13:40 Scout Tower
15:23 Castle
18:40 Scout Tower
18:41 Scout Tower
18:42 Scout Tower
19:10 Guard Tower
19:44 Guard Tower
19:47 Scout Tower
19:47 Scout Tower
20:16 Guard Tower
20:34 Guard Tower
20:36 Scout Tower
20:37 Scout Tower
21:03 Guard Tower
21:05 Guard Tower
21:26 Scout Tower
21:45 Guard Tower
21:48 Scout Tower
21:49 Scout Tower
22:08 Arcane Sanctum
22:13 Scout Tower
22:14 Scout Tower
22:16 Scout Tower
22:39 Guard Tower
24:29 Arcane Vault
27:53 Blacksmith
31:18 Gryphon Aviary
31:21 Gryphon Aviary
32:43 Guard Tower
33:21 Scout Tower
33:21 Scout Tower
33:22 Scout Tower
33:23 Scout Tower
33:51 Guard Tower
34:14 Barracks
34:16 Guard Tower
35:03 Guard Tower
36:47 Guard Tower
36:49 Scout Tower
36:50 Scout Tower
36:50 Scout Tower
36:51 Scout Tower
36:55 Scout Tower
36:55 Scout Tower
37:48 Guard Tower
37:57 Guard Tower
37:59 Scout Tower
38:00 Scout Tower
38:02 Scout Tower
38:03 Scout Tower
38:06 Scout Tower
38:07 Scout Tower
38:37 Guard Tower
39:18 Guard Tower
39:26 Town Hall
39:29 Scout Tower
39:30 Scout Tower
40:10 Guard Tower
40:28 Guard Tower
43:39 Guard Tower
43:42 Gryphon Aviary
45:25 Gryphon Aviary
47:04 Farm
47:05 Farm
47:06 Farm
49:06 Farm
49:07 Farm
50:33 Farm
50:35 Farm
51:34 Farm
51:39 Farm
51:46 Farm
51:51 Farm
52:56 Farm
» items
Staff of Teleportation3
Potion of Lesser Invulnerability3
Boots of Speed2
Periapt of Vitality1
Circlet of Nobility1
Scroll of Town Portal7
Scroll of Regeneration2
Potion of Healing9
Lesser Clarity Potion1
Ivory Tower7
Staff of Sanctuary3
39 total
team 2
Orcuptang (teal | 106 APM | 5808 actions | 54:37)
Hero icon 6 Blademaster
Ability icon 2 Wind Walk
Ability icon 3 Critical Strike
Ability icon 1 Bladestorm
Hero icon 5 Shadow Hunter
Ability icon 3 Healing Wave
Ability icon 2 Hex

» actions
Assign group hotkey70
Basic commands549
Build / train109
ESC pressed5
Enter build submenu51
Enter hero's abilities submenu11
Give item / drop item5
Right click1938
Select / deselect889
Select group hotkey1683
Use ability498
5808 total
» units
Peon18
Grunt6
Raider13
Spirit Walker7
Goblin Shredder1
Troll Witch Doctor6
Goblin Sapper1
Demolisher5
57 total
» upgrades
Melee Weapons3
Armor3
Pillage1
Berserker Strength1
Ensnare1
Reinforced Defenses1
Spirit Walker Training2
Backpack1
Witch Doctor Training2
Spiked Barricades1
16 total
» buildings
Altar of Storms1
Orc Burrow16
Voodoo Lounge1
Barracks1
Stronghold1
War Mill1
Beastiary2
Spirit Lodge1
Fortress1
Great Hall2
Watch Tower23
50 total
» build order
00:05 Altar of Storms
00:11 Orc Burrow
01:09 Voodoo Lounge
01:21 Barracks
01:44 Orc Burrow
03:48 Stronghold
04:10 War Mill
04:39 Orc Burrow
05:17 Orc Burrow
07:38 Beastiary
07:41 Spirit Lodge
09:07 Fortress
09:39 Orc Burrow
12:43 Orc Burrow
13:09 Great Hall
13:10 Watch Tower
13:11 Watch Tower
13:26 Orc Burrow
14:16 Watch Tower
14:17 Watch Tower
15:05 Orc Burrow
15:07 Orc Burrow
15:22 Orc Burrow
16:04 Watch Tower
17:48 Orc Burrow
17:51 Watch Tower
19:01 Orc Burrow
20:48 Orc Burrow
22:00 Orc Burrow
25:38 Watch Tower
28:18 Watch Tower
31:38 Great Hall
34:18 Watch Tower
35:23 Orc Burrow
36:02 Watch Tower
36:04 Watch Tower
36:11 Watch Tower
36:13 Watch Tower
36:20 Watch Tower
36:42 Orc Burrow
37:12 Watch Tower
42:20 Watch Tower
43:57 Watch Tower
44:38 Watch Tower
45:05 Watch Tower
46:02 Watch Tower
47:01 Watch Tower
47:19 Watch Tower
49:58 Beastiary
51:59 Watch Tower
» items
Healing Salve2
Lesser Clarity Potion3
Scroll of Healing2
Boots of Speed2
Circlet of Nobility1
Staff of Teleportation1
Scroll of Town Portal3
14 total